 Dungeon Crawl Stone Soup version 0.17.0-15-g6d90897 (webtiles) character file.

3474 4thArraOfDagon the Cleaver (level 9, -4/124 HPs)
             Began as a Minotaur Fighter on Nov 10, 2015.
             Was an Elder of Makhleb.
             Slain by an orc warrior
             ... wielding a +0 flail
              (13 damage)
             ... on level 2 of the Orcish Mines.
             The game lasted 00:13:34 (2289 turns).

4thArraOfDagon the Cleaver (Minotaur Fighter)       Turns: 2289, Time: 00:13:34

Health: -4/124     AC: 24    Str: 21    XL:     9   Next: 79%
Magic:  8/8        EV:  2    Int:  8    God:    Makhleb [****..]
Gold:   326        SH:  0    Dex: 10    Spells: 0 memorised, 8 levels left

rFire  . . .     SeeInvis .     v - +0 battleaxe
rCold  . . .     Clarity  .     (armour currently unavailable)
rNeg   + + +     SustAt   .     (shield currently unavailable)
rPois  +         Gourm    .     (helmet currently unavailable)
rElec  .         Spirit   .     (cloak currently unavailable)
rCorr  .         Warding  .     (gloves currently unavailable)
rMut   .         NoTele   +     (boots currently unavailable)
MR     .....                    (no amulet)
Stlth  +.........               (no ring)
                                (no ring)

@: tree-form (expiring), not resistant to hostile enchantments, very unstealthy
A: (retaliatory headbutt), (horns 0)
a: Minor Destruction, Lesser Servant of Makhleb, Major Destruction, Renounce
Religion


You were on level 2 of the Orcish Mines.
You worshipped Makhleb.
Makhleb was greatly pleased with you.
You were not hungry.
You were a tree.
You visited 2 branches of the dungeon, and saw 12 of its levels.

You collected 326 gold pieces.

Inventory:

Hand Weapons
 a - a +0 war axe
 g - a +1 morningstar of holy wrath
 s - a +0 blowgun
 v - a +0 battleaxe (weapon)
Missiles
 t - 9 poisoned needles
Armour
 f - a +2 pair of gloves (melded)
 j - a +1 hat (melded)
 w - a +0 plate armour (melded)
Wands
 b - a wand of enslavement (0)
 c - a wand of lightning (12)
 h - a wand of slowing (12)
 n - a wand of cold (5)
 p - a wand of fire (6)
Scrolls
 k - 2 scrolls of enchant armour {unknown}
 q - a scroll of brand weapon {unknown}
Potions
 r - a potion of brilliance
Books
 d - a book of the Dragon

   Spells                             Type                      Level
   a - Flame Tongue                   Conjuration/Fire             1
   b - Cause Fear                     Hexes                        4
   c - Bolt of Fire                   Conjuration/Fire             6
   d - Dragon Form                    Transmutation                7
   e - Dragon's Call                  Summoning                    9
 u - a book of Party Tricks

   Spells                             Type                      Level
   a - Summon Butterflies             Summoning                    1
   b - Apportation                    Translocation                1
   c - Tukima's Dance                 Hexes                        3
   d - Alistair's Intoxication        Transmutation/Poison         4
   e - Invisibility                   Hexes                        6
Comestibles
 e - 2 bread rations
 i - 2 meat rations
 l - a chunk of flesh


   Skills:
 + Level 9.1 Fighting
 * Level 11.8 Axes
 + Level 9.0 Armour
   Level 3.6 Shields
 + Level 1.0 Invocations
 + Level 0.5 Evocations


You had 8 spell levels left.
You didn't know any spells.

Dungeon Overview and Level Annotations

Branches:
Dungeon (10/15)            Temple (0/1) D:5            Lair (0/8) D:10
    Orc (2/4) D:10

Altars:
Makhleb
Nemelex Xobeh
Okawaru
Trog
Beogh

Shops:
D:9 =   Orc:1 }

Annotations:
D:6 Sigmund
Orc:2 Fannar


Innate Abilities, Weirdness & Mutations

((You reflexively headbutt those who attack you in melee.))
((You have a pair of horns on your head.))


Message History

You slash the ice beast!
The ice beast is almost dead.
The ice beast barely misses you.
The ice beast hits you but does no damage.
Fannar hits you but does no damage. The orc warrior hits you with a flail.
* * * LOW HITPOINT WARNING * * *
Unknown command.
Unknown command.
You hit Fannar but do no damage.
Fannar is almost dead.
You hit the orc warrior but do no damage.
The orc warrior is severely wounded.
You closely miss the ice beast.
The ice beast is heavily wounded.
You completely miss the ice beast.
The ice beast is almost dead.
The ice beast barely misses you.
The ice beast hits you but does no damage.
Fannar hits you but does no damage. The orc warrior hits you with a flail!
You die...

...#.# ......
.....#.....#.
#............
##.#$......... ##
#.............
#.. #............
.#..#...)YY..>...
#....#.))♣e...#
........o))#....#
.................
..#.......#....$#
#...............
#.....$...<.#....
.#.###........._.
# .......#....
........#..


You could see Fannar, an orc warrior and 2 ice beasts.

Vanquished Creatures
  A hill giant (D:10)
  Grinder (D:4)
  A deep elf mage (D:9)
  A hippogriff (D:9)
  3 orc warriors (D:10)
  2 phantoms (D:9)
  2 ogres
  An ice beast (D:8)
  A big kobold (D:8)
  4 giant frogs
  A scorpion (D:9)
  3 wights (D:8)
  3 killer bees (D:8)
  A giant frog zombie (D:10)
  8 orc priests
  5 hounds
  2 crimson imps
  2 centaur zombies
  7 orc wizards
  3 worker ants
  A hound skeleton (D:5)
  4 gnolls (D:8)
  4 adders
  2 adder skeletons
  2 worms
  2 giant geckos
  42 orcs
  5 bats
  A goblin (D:1)
  4 hobgoblins
  A quokka (D:3)
  2 giant cockroaches (D:3)
  A giant gecko zombie (D:6)
  7 kobolds
  3 rats
133 creatures vanquished.

Vanquished Creatures (collateral kills)
  A centaur (D:8)
  2 killer bees (D:8)
3 creatures vanquished.

Vanquished Creatures (others)
  A killer bee (D:8)
  An orc (Orc:2)
2 creatures vanquished.

Grand Total: 138 creatures vanquished

Notes
Turn   | Place    | Note
--------------------------------------------------------------
     0 | D:1      | 4thArraOfDagon the Minotaur Fighter began the quest for the Orb.
     0 | D:1      | Reached XP level 1. HP: 19/19 MP: 0/0
    45 | D:2      | Reached XP level 2. HP: 18/27 MP: 1/1
   136 | D:4      | Reached skill level 4 in Armour
   136 | D:4      | Reached XP level 3. HP: 17/33 MP: 2/2
   142 | D:4      | Noticed Grinder
   142 | D:4      | Paralysed by Grinder for 4 turns
   153 | D:4      | Killed Grinder
   153 | D:4      | Reached skill level 5 in Axes
   153 | D:4      | Reached skill level 5 in Armour
   153 | D:4      | Reached XP level 4. HP: 19/41 MP: 3/3
   153 | D:4      | Reached XP level 5. HP: 21/47 MP: 4/4
   263 | D:5      | Entered Level 5 of the Dungeon
   263 | D:5      | Noticed an ogre
   317 | D:4      | Noticed an orc warrior
   344 | D:3      | Found a burning altar of Makhleb.
   346 | D:3      | Became a worshipper of Makhleb the Destroyer
   348 | D:3      | Reached skill level 5 in Fighting
   348 | D:3      | Reached XP level 6. HP: 30/56 MP: 5/5
   477 | D:3      | Reached skill level 6 in Axes
   598 | D:5      | Found a staircase to the Ecumenical Temple.
   608 | D:5      | Reached * piety under Makhleb
   627 | D:5      | Noticed an ogre
   642 | D:6      | Killed an ogre
   739 | D:6      | Reached XP level 7. HP: 33/61 MP: 6/6
   758 | D:6      | Reached skill level 7 in Axes
   765 | D:6      | Noticed Sigmund
   939 | D:7      | Noticed a deep elf mage
  1068 | D:8      | wtf
  1086 | D:8      | Reached skill level 8 in Axes
  1096 | D:8      | Reached XP level 8. HP: 6/71 MP: 7/7
  1099 | D:8      | HP: 4/106 [poisoned by a killer bee]
  1105 | D:8      | HP: 3/106 [poisoned by a killer bee]
  1110 | D:8      | HP: 3/106 [poisoned by a killer bee]
  1115 | D:8      | HP: 2/71 [poisoned by a killer bee]
  1361 | D:9      | Found an iron altar of Okawaru.
  1378 | D:9      | Found Gosh's Jewellery Boutique.
  1385 | D:9      | :(
  1416 | D:10     | Entered Level 10 of the Dungeon
  1463 | D:10     | Noticed a hill giant
  1499 | D:8      | Reached ** piety under Makhleb
  1512 | D:8      | Reached skill level 9 in Axes
  1633 | D:8      | Reached *** piety under Makhleb
  1644 | D:8      | Reached skill level 10 in Axes
  1660 | D:9      | Reached XP level 9. HP: 49/81 MP: 8/8
  1845 | D:9      | Found a bloodstained altar of Trog.
  1846 | D:9      | Found a sparkling altar of Nemelex Xobeh.
  1873 | D:10     | Killed a hill giant
  1873 | D:10     | Reached skill level 11 in Axes
  2105 | D:10     | Found a staircase to the Orcish Mines.
  2172 | Orc:1    | Entered Level 1 of the Orcish Mines
  2261 | Orc:1    | Found Yli Mul's Gadget Shop.
  2267 | Orc:1    | You fall through a shaft!
  2268 | Orc:2    | Found a roughly hewn altar of Beogh.
  2269 | Orc:2    | Noticed Fannar
  2272 | Orc:2    | Reached **** piety under Makhleb
  2278 | Orc:2    | Reached skill level 1 in Invocations
  2289 | Orc:2    | Slain by an orc warrior

Action                   |  1- 3 |  4- 6 |  7- 9 || total
-------------------------+-------+-------+-------++-------
Melee: War axe           |    24 |    76 |   164 ||   264
       Morningstar       |     3 |       |       ||     3
       Battleaxe         |       |       |    44 ||    44
Evoke: Wand              |       |       |    11 ||    11
  Use: Potion            |     2 |       |     5 ||     7
       Scroll            |       |     2 |     5 ||     7
  Eat: Chunk             |       |       |     2 ||     2
       Bread ration      |       |       |     1 ||     1
